 Dungeon Crawl Stone Soup version 0.23-a0-85-g22930c1 (webtiles) character file.

60 Amnesiac the Cudgeler (level 3, -1/29 HPs)
             Began as a Mummy Wanderer on Aug 13, 2018.
             Slain by a worker ant (2 damage)
             ... on level 4 of the Dungeon.
             The game lasted 00:01:52 (713 turns).

Amnesiac the Cudgeler (Mummy Wanderer)               Turns: 713, Time: 00:01:53

Health: -1/29      AC:  3    Str: 15    XL:     3   Next: 82%
Magic:  3/3        EV: 12    Int:  9    God:
Gold:   70         SH:  0    Dex: 14    Spells: 2/2 levels left

rFire    x . .     SeeInvis .   a - +2 mace
rCold    + . .     Gourm    .   (no shield)
rNeg     + + +     Faith    .   c - +0 robe
rPois    ∞         Spirit   .   (no helmet)
rElec    .         Reflect  .   f - +0 cloak
rCorr    .         Harm     .   (no gloves)
MR       .....                  (no boots)
Stlth    ++........             (no amulet)
HPRegen  0.09/turn              (no ring)
MPRegen  0.08/turn              (no ring)

@: no status effects
A: no food or potions, fire vulnerability, cold resistance 1, negative energy
resistance 3, torment resistance, unbreathing
a: no special abilities


You were on level 4 of the Dungeon.
You were not hungry.

You visited 1 branch of the dungeon, and saw 4 of its levels.

You collected 70 gold pieces.

Inventory:

Hand Weapons
 a - a +2 mace (weapon)
 d - a +0 dagger
Armour
 c - a +0 robe (worn)
 f - a +0 cloak (worn)
Scrolls
 b - 2 scrolls of teleportation {!r}
 e - a scroll of remove curse {!r, unknown}
 g - a scroll of random uselessness {!r, unknown}


   Skills:
 - Level 3.0 Fighting
 + Level 3.2 Maces & Flails
 - Level 1.5 Armour
 - Level 1.5 Dodging
 - Level 1.5 Stealth


You had 2 spell levels left.
You didn't know any spells.
Your spell library was empty.

Dungeon Overview and Level Annotations

Branches:
Dungeon (4/15)
 Temple: D:4-7

Altars:
Ashenzari
Wu Jian
Zin
The Shining One


Innate Abilities, Weirdness & Mutations

You do not eat or drink.
Your flesh is vulnerable to fire.
You are immune to poison.
Your flesh is cold resistant. (rC+)
You are immune to negative energy. (rN+++)
You are immune to unholy pain and torment.
You can survive without breathing.


Message History

You kill the worker ant!
Your Maces & Flails skill increases to level 3!
No target in view!
You start resting.
HP restored.
You start resting.
HP restored.
A giant cockroach comes into view.
A giant cockroach is nearby!
You see here 9 gold pieces.
The helpless giant cockroach fails to defend itself.
You sock the giant cockroach!
You kill the giant cockroach!
No target in view!
You now have 70 gold pieces (gained 9).
A leopard gecko comes into view.
A leopard gecko is nearby!
A leopard gecko is nearby!
The leopard gecko hisses angrily.
You hit the leopard gecko.
The leopard gecko is moderately wounded.
The leopard gecko barely misses you. The leopard gecko misses you.
You hit the leopard gecko.
You kill the leopard gecko!
A worker ant comes into view.
You hit the worker ant but do no damage.
The worker ant bites you but does no damage.
You barely miss the worker ant. The worker ant completely misses you.
You hit the worker ant but do no damage.
The worker ant bites you but does no damage.
The worker ant bites you.
You closely miss the worker ant.
The worker ant bites you but does no damage.
You hit the worker ant but do no damage.
The worker ant bites you. The worker ant completely misses you.
You sock the worker ant!
The worker ant is heavily wounded.
The worker ant bites you.
You hit the worker ant.
The worker ant is heavily wounded.
The worker ant bites you! The worker ant completely misses you.
You closely miss the worker ant.
The worker ant is heavily wounded.
The worker ant misses you.
You hit the worker ant but do no damage.
The worker ant is heavily wounded.
The worker ant bites you.
* * * LOW HITPOINT WARNING * * *
The worker ant bites you.
* * * LOW HITPOINT WARNING * * *
You barely miss the worker ant.
The worker ant is heavily wounded.
The worker ant bites you.
* * * LOW HITPOINT WARNING * * *
You hit the worker ant.
The worker ant is severely wounded.
The worker ant closely misses you. The worker ant bites you.
* * * LOW HITPOINT WARNING * * *
You barely miss the worker ant.
The worker ant is severely wounded.
The worker ant bites you.
* * * LOW HITPOINT WARNING * * *
The worker ant bites you.
You die...

#..# #..# #..#
#..# #..#
##########..#####
#...............##
#.#############...
#@# ####... #a#
...... ... #..##
..... #.<# ......#
#..# ##.....#
#..## .....##
###.)#. ##.####
#...... #.#..#.


You could see a worker ant.

Vanquished Creatures
  A worker ant (D:4)
  An adder (D:2)
  An ooze (D:1)
  A worm (D:2)
  A dart slug (D:1)
  A leopard gecko (D:4)
  An orc (D:4)
  3 giant cockroaches
  A goblin (D:1)
  2 hobgoblins (D:1)
  2 jackals (D:1)
  A kobold (D:2)
  2 rats
18 creatures vanquished.

Notes
Turn   | Place    | Note
-------+----------+-------------------------------------------
     0 | D:1      | Amnesiac the Mummy Wanderer began the quest for the Orb.
     0 | D:1      | Amnesiac set off with: a +2 mace, 2 scrolls of teleportation {!r}, a +0 robe, a +0 dagger
     0 | D:1      | Reached XP level 1. HP: 18/18 MP: 1/1
    60 | D:1      | Reached XP level 2. HP: 20/24 MP: 2/2
   229 | D:2      | Reached XP level 3. HP: 11/29 MP: 3/3
   456 | D:2      | Found a shattered altar of Ashenzari.
   485 | D:4      | Found a glowing golden altar of the Shining One.
   485 | D:4      | Found a glowing silver altar of Zin.
   515 | D:4      | Found an ornate altar of the Wu Jian Council.
   713 | D:4      | HP: 1/29 [worker ant (1)]
   713 | D:4      | Slain by a worker ant

Vault maps used:
D:1:      sevenhm_arrival_forest_fort_small_6, hangedman_decor_points
D:2:      ashenzari_conservatory_becter, lemuel_round_altar, fedhas_altar_1
D:4:      marbit_many_paths, gammafunk_temple_overflow_wave

Skill      XL: |  1  2  3 |
---------------+----------+-----
Maces & Flails | 2 3 |  3.2
Fighting       | |  3.0
Armour         | |  1.5
Dodging        | |  1.5
Stealth        | |  1.5

Action                   || total
-------------------------++-------
Melee: Mace              ||    59
 Stab: Sleeping          ||     3
Armor: Robe              ||    10
Dodge: Dodged            ||    33

Table legend:
 A = Non-vault XP
 B = Vault XP
 C = Vault XP percentage of total XP
 D = Non-vault monster count
 E = Vault monster count
 F = Vault count percentage of total count
 G = Total turns spent on level
                 A         B        C        D         E       F
            +---------+---------+-------+---------+---------+-------
      Total |      87 |       0 |   0.0 |      18 |       0 |   0.0
            +---------+---------+-------+---------+---------+-------
        D:1 |      22 |       0 |   0.0 |       8 |       0 |   0.0
        D:2 |      23 |       0 |   0.0 |       5 |       0 |   0.0
        D:3 |       2 |       0 |   0.0 |       1 |       0 |   0.0
        D:4 |      40 |       0 |   0.0 |       4 |       0 |   0.0
            +---------+---------+-------+---------+---------+-------
